 Dungeon Crawl Stone Soup version 0.17-a0-1949-g1acca9a (webtiles) character file.

32606 Kusio the Brawler (level 13, -23/115 HPs)
             Began as a Troll Monk on Oct 2, 2015.
             Killed from afar by an orc sorcerer (37 damage)
             ... with a bolt of negative energy
             ... led by an orc knight
             ... on level 1 of the Orcish Mines.
             The game lasted 00:51:54 (16119 turns).

Kusio the Brawler (Troll Monk)                     Turns: 16119, Time: 00:51:54

Health: -23/115    AC:  8    Str: 22    XL:     13   Next: 32%
Magic:  12/12      EV: 18    Int:  6    God:
Gold:   1608       SH:  0    Dex: 12    Spells: 1 memorised, 5 levels left

rFire  . . .     SeeInvis .       - Unarmed
rCold  . . .     Clarity  .     a - +0 robe
rNeg   . . .     SustAt   .     (no shield)
rPois  +         Gourm    +     (helmet restricted)
rElec  .         Spirit   .     U - +0 cloak
rCorr  .         Warding  .     (gloves unavailable)
rMut   .         Stasis   .     (boots unavailable)
MR     +....                    (no amulet)
Stlth  +.........               O - +5 ring of evasion
                                Q - ring of protection from magic

@: drained, somewhat resistant to hostile enchantments, very unstealthy
A: unfitting armour, claws 3, yellow scales 1, breathe flames 1, clumsy 2, fast
metabolism 3, frail 1, gourmand, poison resistance, regeneration 2, shaggy fur
1, tough skin 2
a: Breathe Fire


You were on level 1 of the Orcish Mines.
You were very full.

You visited 4 branches of the dungeon, and saw 20 of its levels.

You collected 1608 gold pieces.

Inventory:

Hand weapons
 h - a cursed -1 blowgun
Missiles
 l - 7 curare-tipped needles
 u - 3 javelins (quivered)
Armour
 a - a +0 robe (worn)
 U - a +0 cloak (worn)
Jewellery
 e - an uncursed amulet of stasis
 i - an uncursed ring of wizardry
 O - a +5 ring of evasion (right claw)
 Q - a ring of protection from magic (left claw)
Magical devices
 q - a wand of polymorph (11)
 J - a wand of fireball (5)
 K - a wand of teleportation (4)
 P - a wand of paralysis (5)
Scrolls
 d - 11 scrolls of remove curse
 k - 2 scrolls of enchant armour {unknown}
 n - 5 scrolls of teleportation
 o - 2 scrolls of enchant weapon
 s - 2 scrolls of magic mapping {unknown}
 v - a scroll of fear {unknown}
 w - 2 scrolls of random uselessness {unknown}
 y - 4 scrolls of noise {unknown}
 A - 5 scrolls of blinking
 B - 2 scrolls of holy word {unknown}
 C - 2 scrolls of vulnerability {unknown}
 E - 3 scrolls of recharging {unknown}
 M - a scroll of fog {unknown}
Potions
 c - 2 potions of flight
 f - 7 potions of curing
 m - a potion of brilliance {unknown}
 r - a potion of beneficial mutation {unknown}
 z - 3 potions of poison {unknown}
 H - 2 potions of berserk rage
 I - 2 potions of haste {unknown}
 L - a potion of lignification {unknown}
 R - 2 potions of invisibility
 S - 2 potions of agility {unknown}
 T - a potion of might {unknown}
Books
 p - a book of Air

   Spells                             Type                      Level
   a - Shock                          Conjuration/Air              1
   b - Swiftness                      Charms/Air                   2
   c - Repel Missiles                 Charms/Air                   2
   d - Static Discharge               Conjuration/Air              3
   e - Lightning Bolt                 Conjuration/Air              5
 t - a book of Transfigurations

   Spells                             Type                      Level
   a - Stoneskin                      Transmutation/Earth          2
   b - Irradiate                      Conjuration/Transmutation    5
   c - Statue Form                    Transmutation/Earth          6
   d - Hydra Form                     Transmutation                6
   e - Dragon Form                    Transmutation                7
Miscellaneous
 F - a legendary deck of changes {drawn: 1}
Comestibles
 b - 9 bread rations
 g - 3 slices of pizza
 j - 3 beef jerkies
 x - 39 fruits
 D - 3 meat rations
 G - 5 chunks of flesh
 N - 12 royal jellies


   Skills:
 + Level 8.7(7.9) Fighting
 - Level 1.3(0.7) Armour
 + Level 8.6(7.8) Dodging
 - Level 1.1(0.5) Stealth
 * Level 17.6(16.6) Unarmed Combat


You had 5 spell levels left.
You knew the following spells:

 Your Spells              Type           Power        Failure   Level  Hunger
a - Controlled Blink      Tloc           N/A          100%        7    #######


Dungeon Overview and Level Annotations

Branches:
Dungeon (12/15)            Temple (1/1) D:5            Lair (6/8) D:9
  Swamp (0/4) Lair:3        Snake (0/4) Lair:4          Orc (1/4) D:9
  Slime: Lair:6-8

Altars:
Ashenzari
Cheibriados
Dithmenos
Elyvilon
Fedhas
Gozag
Kikubaaqudgha
Makhleb
Nemelex Xobeh
Okawaru
Qazlal
Ru
Sif Muna
Trog
Vehumet
Xom
Yredelemnul
Zin
The Shining One

Shops:
D:4 %   D:10 (   D:11 [

Annotations:
D:9 1 exclusion


Innate Abilities, Weirdness & Mutations

You are too large for most types of armour.
You have claws for hands.
Your metabolism is lightning-fast.
You like to eat raw meat.
You heal very quickly.
You are covered in fur (AC +1).
You have very tough skin (AC +2).
You are partially covered in yellow scales (AC +2).
You can breathe flames.
You are very clumsy. (Dex -4)
You are frail (-10% HP).
Your system is resistant to poisons.


Message History

Something smites you!
* * * LOW HITPOINT WARNING * * *
The orc warrior throws a poisoned tomahawk.
The poisoned tomahawk closely misses you.
You see here a poisoned tomahawk.
The orc sorcerer gestures at you while chanting.
The bolt of fire hits you!
* * * LOW HITPOINT WARNING * * *
Drink which item? (? for menu, Esc to quit)
You feel better.
The orc priest invokes the aid of Beogh against you.
Something smites you!
* * * LOW HITPOINT WARNING * * *
Drink which item? (? for menu, Esc to quit)
You feel better.
The orc warrior throws a poisoned tomahawk.
The poisoned tomahawk barely misses you.
The orc sorcerer points at you and mumbles some strange words.
The bolt of negative energy hits you!
You feel drained.
You die...

#.......# #............##
####..### ###.).###....#.
##......## ##..##........
#........## #...##........
#....##...### ##.#....##....
#.........#.## ##.#.#..#....
###....#.###.###......)....#
##...####...##....#))..###
##..##.>@..(.o...)##.o##.
###......(..o....)#)#.#.
#....###....#.(...#..).
###...#.....o..#.####..
##.......3..#### ##o
##...###...# ##( #...# ##..#
##o. ##.## #### ##... ###
#....


You could see a chaos spawn, an orc sorcerer, an orc warrior and an orc priest.

Vanquished Creatures
  2 death yaks (Lair:4)
  Nergalle (Lair:2)
  An orc knight (Orc:1)
  Pikel (D:4)
  A hill giant (D:11)
  2 manticores
  An ugly thing (D:11)
  An orc sorcerer (Orc:1)
  Maurice (Orc:1)
  4 black mambas
  A centaur zombie (D:11)
  The ghost of Ordine the Cruncher, an experienced MiGl (D:5)
  3 komodo dragons
  5 spiny frogs
  A queen bee (Lair:3)
  The ghost of kinazarov the Ruffian, an experienced VSMo of Yredelemnul (D:4)
  20 blink frogs
  A tengu conjurer (D:10)
  A troll (D:9)
  Prince Ribbit (D:5)
  5 wyverns
  2 hippogriffs
  26 yaks
  2 basilisks (Lair:5)
  A deep elf mage (D:9)
  A hungry ghost (D:9)
  A steam dragon (D:10)
  25 wolves
  2 nagas (Lair:4)
  7 water moccasins
  4 porcupines
  4 sky beasts
  An ice beast (D:11)
  5 orc warriors
  2 eyes of draining
  A phantom (D:10)
  A wasp (D:7)
  4 slaves (D:4)
  5 ogres
  8 centaurs
  7 crocodiles
  2 big kobolds (D:8)
  16 giant frogs
  3 gnoll sergeants (D:10)
  8 scorpions
  2 electric eels
  27 killer bees
  4 crimson imps
  10 wights (D:10)
  8 hounds
  2 centaur skeletons
  2 giant frog zombies
  A jelly (D:7)
  9 orc priests
  2 giant frog skeletons
  2 gnoll shamans (D:10)
  9 orc wizards
  Natasha (thrice) (D:2)
  4 iguanas
  6 worker ants
  23 sheep (Lair:5)
  A hound skeleton (D:6)
  13 adders
  33 gnolls
  32 river rats
  A white imp (D:8)
  An adder zombie (D:5)
  An adder skeleton (D:8)
  3 worms
  6 giant geckos
  72 orcs
  A ball python (D:2)
  5 giant cockroaches
  10 goblins
  11 hobgoblins
  9 jackals
  14 kobolds
  7 quokkas
  6 bats
  3 giant gecko skeletons
  5 giant newts
  2 goblin skeletons (D:8)
  2 goblin zombies (D:8)
  3 hobgoblin zombies (D:8)
  3 jackal skeletons
  A kobold zombie (D:8)
  A quokka skeleton (D:9)
  7 rats
  A fungus (Lair:3)
  A plant (Lair:5)
562 creatures vanquished.

Vanquished Creatures (others)
  2 fungi
  3 plants (Lair:5)
5 creatures vanquished.

Grand Total: 567 creatures vanquished

Notes
Turn   | Place    | Note
--------------------------------------------------------------
     0 | D:1      | Kusio the Troll Monk began the quest for the Orb.
     0 | D:1      | Reached XP level 1. HP: 22/22 MP: 0/0
    76 | D:1      | Reached XP level 2. HP: 29/29 MP: 1/1
   672 | D:2      | Reached skill level 5 in Unarmed Combat
   672 | D:2      | Reached XP level 3. HP: 26/36 MP: 2/2
   883 | D:2      | Noticed Natasha
   887 | D:2      | Killed Natasha
   887 | D:2      | Reached XP level 4. HP: 44/44 MP: 3/3
   976 | D:2      | Found a burning altar of Makhleb.
  1153 | D:2      | Noticed a blizzard demon
  1209 | D:2      | Noticed Natasha
  1218 | D:2      | Killed Natasha
  1321 | D:2      | Noticed Natasha
  1329 | D:2      | Killed Natasha
  1457 | D:2      | Reached skill level 6 in Unarmed Combat
  1636 | D:3      | Found a radiant altar of Vehumet.
  1734 | D:3      | Noticed a water moccasin
  1782 | D:3      | Killed a water moccasin
  1782 | D:3      | Reached skill level 7 in Unarmed Combat
  1782 | D:3      | Reached XP level 5. HP: 23/50 MP: 4/4
  1849 | D:3      | Found a shattered altar of Ashenzari.
  1949 | D:3      | Found a stormy altar of Qazlal.
  2054 | D:3      | You fall through a shaft for 2 floors!
  2054 | D:5      | Entered Level 5 of the Dungeon
  2083 | D:5      | Noticed Ordine's ghost (experienced MiGl)
  2106 | D:6      | Reached XP level 6. HP: 55/59 MP: 5/5
  2363 | D:6      | Noticed a sky beast
  2371 | D:6      | Killed a sky beast
  2371 | D:6      | Reached skill level 8 in Unarmed Combat
  2375 | D:6      | Gained mutation: You tend to lose your temper in combat. [mutagenic meat]
  2376 | D:6      | Gained mutation: Your muscles are strong. (Str +2) [mutagenic meat]
  2377 | D:6      | Gained mutation: Your magical capacity is low (-10% MP). [mutagenic meat]
  2378 | D:6      | Gained mutation: You are dopey. (Int -2) [mutagenic meat]
  2626 | D:6      | Reached XP level 7. HP: 39/66 MP: 5/5
  2783 | D:4      | Noticed kinazarov's ghost (experienced VSMo)
  2842 | D:4      | Reached skill level 9 in Unarmed Combat
  2845 | D:4      | Killed kinazarov's ghost
  2893 | D:4      | Found Niteonuq's Food Shop.
  2932 | D:4      | Noticed Pikel
  3213 | D:4      | Killed Pikel
  3213 | D:4      | Reached skill level 10 in Unarmed Combat
  3213 | D:4      | Reached XP level 8. HP: 63/74 MP: 6/6
  3573 | D:4      | Reached skill level 11 in Unarmed Combat
  4091 | D:5      | Killed Ordine's ghost
  4244 | D:5      | Found a staircase to the Ecumenical Temple.
  4262 | D:5      | Reached skill level 12 in Unarmed Combat
  4305 | Temple   | Entered the Ecumenical Temple
  4712 | D:5      | Noticed Prince Ribbit
  4723 | D:5      | Killed Prince Ribbit
  4723 | D:5      | Reached XP level 9. HP: 61/80 MP: 7/7
  5564 | D:7      | Reached skill level 1 in Armour
  5617 | D:7      | Found an ancient bone altar of Kikubaaqudgha.
  5977 | D:7      | Found a shattered altar of Ashenzari.
  6116 | D:8      | Found a glowing golden altar of the Shining One.
  6437 | D:8      | Reached skill level 13 in Unarmed Combat
  6734 | D:8      | Found a deep blue altar of Sif Muna.
  6735 | D:8      | Found a shadowy altar of Dithmenos.
  7263 | D:9      | Reached XP level 10. HP: 82/92 MP: 8/8
  7312 | D:9      | Found a staircase to the Orcish Mines.
  7642 | D:9      | Found a sacrificial altar of Ru.
  7643 | D:9      | Gained mutation: You are frail (-10% HP). [mutagenic meat]
  7644 | D:9      | Gained mutation: You are clumsy. (Dex -2) [mutagenic meat]
  7645 | D:9      | Gained mutation: Your spells are a little harder to cast, but a little more powerful. [mutagenic meat]
  7720 | D:9      | Found a staircase to the Lair.
  7887 | D:10     | Entered Level 10 of the Dungeon
  7968 | D:10     | Reached skill level 14 in Unarmed Combat
  7978 | D:10     | Reached skill level 5 in Fighting
  8076 | D:10     | Found Vaumap's Weapon Boutique.
  8365 | D:10     | Reached skill level 5 in Dodging
  8766 | D:10     | Reached XP level 11. HP: 84/93 MP: 8/8
  9093 | D:11     | Learned a level 7 spell: Controlled Blink
  9107 | D:11     | Gained mutation: You are very clumsy. (Dex -4) [potion of mutation]
  9108 | D:11     | Lost mutation: Your muscles are strong. (Str +2) [potion of mutation]
  9108 | D:11     | Lost mutation: You are dopey. (Int -2) [potion of mutation]
  9109 | D:11     | Lost mutation: Your magical capacity is low (-10% MP). [potion of mutation]
  9109 | D:11     | Lost mutation: Your spells are a little harder to cast, but a little more powerful. [potion of mutation]
  9286 | D:11     | Noticed a hill giant
  9295 | D:11     | Killed a hill giant
  9295 | D:11     | Reached skill level 15 in Unarmed Combat
  9357 | D:11     | Found Cephowaw's Armour Emporium.
  9884 | D:12     | Lost mutation: You tend to lose your temper in combat. [mutagenic meat]
  9885 | D:12     | Gained mutation: Your system is resistant to poisons. [mutagenic meat]
  9886 | D:12     | Gained mutation: You can breathe flames. [mutagenic meat]
  9887 | D:12     | Gained mutation: You are partially covered in yellow scales (AC +2). [mutagenic meat]
 10047 | Lair:1   | Entered Level 1 of the Lair of Beasts
 10909 | Lair:2   | Reached XP level 12. HP: 96/106 MP: 11/11
 11073 | Lair:2   | Reached skill level 16 in Unarmed Combat
 11451 | Lair:2   | Noticed Nergalle
 11455 | Lair:2   | Killed Nergalle
 11931 | Lair:3   | Found a staircase to the Swamp.
 13602 | Lair:4   | Reached skill level 17 in Unarmed Combat
 13634 | Lair:4   | Found a staircase to the Snake Pit.
 14039 | Lair:4   | Reached XP level 13. HP: 113/115 MP: 12/12
 14706 | Lair:5   | Found a snail-covered altar of Cheibriados.
 15630 | Orc:1    | Entered Level 1 of the Orcish Mines
 15742 | Orc:1    | Noticed Maurice
 15746 | Orc:1    | Killed Maurice
 16116 | Orc:1    | HP: 3/115 [orc sorcerer/bolt of fire[an orc knight] (22)]
 16119 | Orc:1    | Killed from afar by an orc sorcerer

Vault maps used:
D:1:      lightli_arrival_isolated_outpost
D:2:      first_bread, makhleb_altar_promises_db, uniq_natasha
D:3:      lemuel_coloured_pillars_altar, lemuel_round_altar, old_standard_altar
D:4:      serial_shops, shop, uniq_pikel
D:5:      temple_fountains, uniq_prince_ribbit1
D:7:      kennysheep_mini_moat, cheibrodos_ashenzari_chains
D:8:      nicolae_tso_besieged_by_evil, gammafunk_temple_overflow_statue
D:9:      kennysheep_mini, dpeg_lair_monsters, hiddenorc2_lemuel
D:10:     serial_gnoll_camp, gnoll_camp_mini_hut, gnoll_camp_mini_sergeant,
          gnoll_camp_huts_moat, gnoll_camp_mini_shop, gnoll_camp_mini_loothouse,
          gnoll_camp_mini_hut, grunt_tengu_nest, spider_trap
D:11:     serial_shops, shop_statue
D:12:     kennysheep_doodads, grunt_ministairs_15
Temple:   chambers_temple_10
Lair:2:   uniq_nergalle
Lair:3:   swamp_mist_pool, special_room, serial_bayou_shore_b, lemuel_fruit_tree
Lair:4:   minmay_snake_entry_guardpost_small, st_stairs_12,
          beast_lair_carwin_11, grunt_megastairs_3, infiniplex_staircase_pool
Lair:5:   wad_woods_pond, basic_altar
Lair:6:   cheibrodos_lair_reptile_den
Orc:1:    uniq_maurice

Action                   |  1- 3 |  4- 6 |  7- 9 | 10-12 | 13-15 || total
-------------------------+-------+-------+-------+-------+-------++-------
Melee: Unarmed           |    72 |    90 |   333 |   807 |   248 ||  1550
Throw: Tomahawk          |       |     1 |       |    14 |       ||    15
       Javelin           |       |       |       |     7 |     4 ||    11
Evoke: Wand              |       |       |     3 |       |       ||     3
       Deck              |       |       |       |     1 |       ||     1
  Use: Scroll            |       |       |     6 |     6 |     5 ||    17
       Potion            |       |       |       |     9 |     2 ||    11
 Stab: Sleeping          |     2 |     3 |     4 |     2 |       ||    11
  Eat: Chunk             |    12 |    17 |    44 |    71 |    23 ||   167
       Fruit             |       |       |       |     4 |     3 ||     7
